General information
- name: FFA 8 PLAYERS!
- type: Custom game
- host: cheers_
- saver: omgomg
map: MarketSquare
- players: 12
- length: 67:26
- speed: Fast
- version: 1.26 W3XP
- replay type: Public
» download(458 KB)
Players
team 1 (loser)

»
gicen- (
blue | 142 APM | 9560 actions | 67:19)
10 Warden
3 Fan of Knives
3 Blink
1 Spirit of Vengeance
3 Shadow Strike
9 Pandaren Brewmaster
3 Breath of Fire
3 Drunken Haze
1 Storm Earth and Fire
2 Drunken Brawler
9 Goblin Alchemist
3 Acid Bomb
3 Chemical Rage
1 Transmute
2 Healing Spray
» actions
| Assign group hotkey | 110 | |
| Basic commands | 200 | |
| Build / train | 217 | |
| ESC pressed | 14 | |
| Enter build submenu | 64 | |
| Enter hero's abilities submenu | 29 | |
| Give item / drop item | 11 | |
| Right click | 3497 | |
| Select / deselect | 3026 | |
| Select group hotkey | 1702 | |
| Use ability | 690 | |
9560 total
» units
| Wisp | 55 | |
| Archer | 29 | |
| Hippogryph | 20 | |
| Faerie Dragon | 3 | |
| Dryad | 10 | |
| Druid of the Talon | 3 | |
| Glaive Thrower | 1 | |
121 total
» upgrades
| Improved Bows | 1 | |
| Strength of the Moon | 3 | |
| Ultravision | 1 | |
| Hippogryph Taming | 1 | |
| Well Spring | 1 | |
| Marksmanship | 1 | |
| Moon Armor | 3 | |
| Nature's Blessing | 1 | |
| Strength of the Wild | 3 | |
| Reinforced Hides | 3 | |
| Druid of the Talon Training | 2 | |
| Mark of the Talon | 1 | |
| Abolish Magic | 1 | |
22 total
» buildings
| Altar of Elders | 3 | |
| Moon Well | 27 | |
| Ancient of War | 7 | |
| Ancient of Wonders | 1 | |
| Tree of Ages | 2 | |
| Hunter's Hall | 1 | |
| Tree of Eternity | 2 | |
| Ancient of Wind | 9 | |
| Tree of Life | 5 | |
| Ancient Protector | 3 | |
| Ancient of Lore | 5 | |
65 total
» build order
00:27 Altar of Elders
00:37 Moon Well
00:49 Ancient of War
01:41 Moon Well
02:24 Ancient of War
02:36 Ancient of Wonders
04:51 Tree of Ages
04:51 Tree of Ages
05:53 Moon Well
05:58 Moon Well
06:23 Hunter's Hall
08:22 Moon Well
08:48 Moon Well
09:28 Tree of Eternity
09:54 Ancient of Wind
11:14 Moon Well
11:15 Moon Well
12:26 Moon Well
14:02 Ancient of War
14:06 Ancient of Wind
19:54 Moon Well
20:11 Tree of Life
20:14 Ancient Protector
20:24 Ancient Protector
20:39 Ancient Protector
25:05 Ancient of War
25:10 Ancient of Wind
25:38 Ancient of War
25:44 Ancient of Wind
26:49 Tree of Life
32:38 Moon Well
32:39 Moon Well
32:40 Moon Well
32:41 Moon Well
32:42 Moon Well
32:44 Moon Well
32:44 Moon Well
32:46 Moon Well
32:52 Moon Well
32:53 Moon Well
32:54 Moon Well
32:55 Moon Well
32:56 Moon Well
32:57 Moon Well
35:48 Ancient of Lore
37:48 Ancient of Lore
39:31 Moon Well
39:32 Moon Well
39:33 Moon Well
41:28 Tree of Life
46:25 Ancient of Lore
46:28 Ancient of Lore
46:29 Ancient of Lore
51:40 Tree of Life
52:05 Ancient of War
52:08 Ancient of Wind
52:37 Ancient of War
52:38 Ancient of Wind
53:30 Ancient of Wind
54:06 Ancient of Wind
54:08 Ancient of Wind
57:44 Tree of Life
63:40 Altar of Elders
66:58 Altar of Elders
» items
| Staff of Preservation | 3 | |
| Moonstone | 2 | |
| Lesser Clarity Potion | 3 | |
| Orb of Venom | 3 | |
| Scroll of Town Portal | 9 | |
| Boots of Speed | 3 | |
| Periapt of Vitality | 5 | |
| Potion of Healing | 1 | |
| Potion of Lesser Invulnerability | 2 | |
31 total
team 2 (loser)
bagera21 (
purple | 26 APM | 449 actions | 17:04)
1 Priestess of the Moon
1 Trueshot Aura
» actions
| Build / train | 99 | |
| Enter build submenu | 22 | |
| Enter hero's abilities submenu | 1 | |
| Right click | 118 | |
| Select / deselect | 193 | |
| Use ability | 16 | |
449 total
» units
| Wisp | 21 | |
| Archer | 18 | |
| Huntress | 24 | |
| Hippogryph | 14 | |
| Druid of the Talon | 5 | |
82 total
» upgrades
| Strength of the Moon | 2 | |
| Strength of the Wild | 2 | |
| Ultravision | 1 | |
| Moon Armor | 2 | |
| Reinforced Hides | 2 | |
| Improved Bows | 1 | |
| Hippogryph Taming | 1 | |
| Druid of the Talon Training | 1 | |
| Sentinel | 1 | |
| Vorpal Blades | 1 | |
14 total
» buildings
| Moon Well | 4 | |
| Hunter's Hall | 1 | |
| Ancient of War | 1 | |
| Tree of Ages | 1 | |
| Altar of Elders | 1 | |
| Ancient of Wind | 1 | |
| Tree of Life | 1 | |
| Ancient Protector | 4 | |
14 total
» build order
00:09 Moon Well
01:08 Hunter's Hall
01:22 Moon Well
02:13 Ancient of War
02:22 Moon Well
03:32 Tree of Ages
04:54 Altar of Elders
07:13 Ancient of Wind
07:28 Moon Well
08:28 Tree of Life
12:50 Ancient Protector
12:53 Ancient Protector
14:25 Ancient Protector
14:28 Ancient Protector
team 3 (winner)

»
omgomg (
red | 132 APM | 8915 actions | 67:26)
10 Archmage
3 Summon Water Elemental
3 Brilliance Aura
1 Mass Teleport
3 Blizzard
10 Mountain King
3 Storm Bolt
3 Bash
1 Avatar
3 Thunder Clap
9 Paladin
3 Holy Light
2 Divine Shield
1 Resurrection
3 Devotion Aura
» actions
| Assign group hotkey | 161 | |
| Basic commands | 13 | |
| Build / train | 243 | |
| ESC pressed | 10 | |
| Enter build submenu | 83 | |
| Enter hero's abilities submenu | 29 | |
| Give item / drop item | 5 | |
| Right click | 2935 | |
| Select / deselect | 2454 | |
| Select group hotkey | 2405 | |
| Use ability | 577 | |
8915 total
» units
| Peasant | 38 | |
| Footman | 7 | |
| Priest | 8 | |
| Gryphon Rider | 14 | |
| Siege Engine | 4 | |
| Spell Breaker | 13 | |
| Flying Machine | 11 | |
| Sorceress | 11 | |
| Dragonhawk Rider | 4 | |
| Mortar Team | 8 | |
| Knight | 5 | |
123 total
» upgrades
| Masonry | 3 | |
| Lumber Harvesting | 2 | |
| Animal War Training | 1 | |
| Swords | 3 | |
| Priest Training | 2 | |
| Cloud | 1 | |
| Storm Hammers | 1 | |
| Armor | 3 | |
| Flak Cannons | 1 | |
| Gunpowder | 3 | |
| Sorceress Training | 2 | |
| Barrage | 1 | |
| Fragmentation Shards | 1 | |
| Flare | 1 | |
| Plating | 3 | |
| Control Magic | 1 | |
| Magic Sentry | 1 | |
30 total
» buildings
| Altar of Kings | 1 | |
| Barracks | 1 | |
| Farm | 11 | |
| Town Hall | 7 | |
| Scout Tower | 45 | |
| Arcane Tower | 5 | |
| Arcane Vault | 1 | |
| Lumber Mill | 3 | |
| Blacksmith | 1 | |
| Keep | 1 | |
| Guard Tower | 23 | |
| Castle | 1 | |
| Arcane Sanctum | 2 | |
| Gryphon Aviary | 3 | |
| Workshop | 4 | |
109 total
» build order
00:06 Altar of Kings
00:19 Barracks
00:34 Farm
00:51 Farm
01:53 Farm
03:06 Town Hall
03:19 Scout Tower
03:26 Scout Tower
03:50 Arcane Tower
04:03 Arcane Vault
04:21 Lumber Mill
04:35 Scout Tower
04:35 Scout Tower
04:36 Scout Tower
04:52 Blacksmith
05:18 Keep
05:36 Guard Tower
05:44 Guard Tower
05:52 Scout Tower
05:52 Scout Tower
05:53 Scout Tower
05:53 Scout Tower
06:05 Farm
06:06 Farm
06:22 Guard Tower
06:27 Guard Tower
06:52 Arcane Tower
07:14 Scout Tower
07:30 Farm
07:40 Castle
08:21 Guard Tower
08:32 Arcane Sanctum
09:00 Gryphon Aviary
09:17 Gryphon Aviary
11:44 Workshop
12:11 Farm
12:12 Farm
12:47 Farm
13:09 Workshop
14:15 Scout Tower
14:41 Scout Tower
14:42 Guard Tower
14:53 Workshop
15:21 Town Hall
15:26 Guard Tower
15:31 Scout Tower
15:32 Scout Tower
15:33 Scout Tower
15:42 Lumber Mill
16:13 Guard Tower
17:23 Guard Tower
17:44 Farm
19:18 Arcane Sanctum
19:20 Gryphon Aviary
19:22 Workshop
19:44 Farm
20:17 Town Hall
21:18 Scout Tower
22:12 Guard Tower
22:13 Scout Tower
22:14 Scout Tower
22:15 Scout Tower
22:41 Guard Tower
22:42 Guard Tower
22:43 Arcane Tower
22:44 Scout Tower
22:45 Scout Tower
24:03 Guard Tower
24:47 Scout Tower
24:47 Scout Tower
24:51 Scout Tower
24:51 Scout Tower
24:52 Scout Tower
24:53 Scout Tower
27:00 Guard Tower
27:01 Arcane Tower
27:02 Guard Tower
27:31 Town Hall
29:53 Scout Tower
29:54 Scout Tower
29:57 Scout Tower
29:58 Scout Tower
29:58 Scout Tower
29:59 Scout Tower
30:01 Scout Tower
30:01 Scout Tower
30:02 Scout Tower
30:30 Guard Tower
30:31 Guard Tower
30:32 Guard Tower
32:16 Town Hall
32:31 Scout Tower
32:33 Scout Tower
32:33 Scout Tower
33:01 Guard Tower
33:01 Guard Tower
33:01 Guard Tower
33:02 Scout Tower
33:03 Scout Tower
33:04 Scout Tower
33:05 Scout Tower
33:38 Guard Tower
33:38 Guard Tower
33:54 Lumber Mill
44:45 Town Hall
59:10 Town Hall
» items
| Scroll of Regeneration | 5 | |
| Lesser Clarity Potion | 7 | |
| Scroll of Town Portal | 5 | |
| Potion of Healing | 2 | |
| Staff of Sanctuary | 2 | |
| Orb of Fire | 2 | |
| Scroll of Healing | 2 | |
25 total
team 4 (loser)

»
SeriousAl1557 (
teal | 50 APM | 1399 actions | 28:14)
5 Paladin
3 Holy Light
1 Divine Shield
1 Devotion Aura
2 Mountain King
1 Storm Bolt
1 Bash
2 Firelord
1 Incinerate
1 Soul Burn
» actions
| Assign group hotkey | 33 | |
| Basic commands | 23 | |
| Build / train | 83 | |
| Enter build submenu | 31 | |
| Enter hero's abilities submenu | 9 | |
| Give item / drop item | 1 | |
| Remove unit from queue | 1 | |
| Right click | 373 | |
| Select / deselect | 293 | |
| Select group hotkey | 428 | |
| Use ability | 124 | |
1399 total
» units
| Peasant | 9 | |
| Footman | 2 | |
| Rifleman | 3 | |
| Knight | 4 | |
| Gryphon Rider | 4 | |
| Priest | 8 | |
| Sorceress | 3 | |
33 total
» upgrades
| Lumber Harvesting | 2 | |
| Long Rifles | 1 | |
| Plating | 3 | |
| Animal War Training | 1 | |
| Gunpowder | 2 | |
| Swords | 2 | |
| Magic Sentry | 1 | |
| Sorceress Training | 2 | |
| Armor | 1 | |
| Priest Training | 2 | |
| Storm Hammers | 1 | |
| Cloud | 1 | |
| Control Magic | 1 | |
20 total
» buildings
| Altar of Kings | 1 | |
| Barracks | 2 | |
| Farm | 10 | |
| Lumber Mill | 1 | |
| Arcane Vault | 2 | |
| Keep | 1 | |
| Scout Tower | 13 | |
| Blacksmith | 1 | |
| Guard Tower | 2 | |
| Arcane Tower | 5 | |
| Castle | 1 | |
| Gryphon Aviary | 1 | |
| Arcane Sanctum | 1 | |
| Town Hall | 2 | |
43 total
» build order
00:08 Altar of Kings
00:12 Barracks
00:18 Farm
00:45 Farm
01:11 Lumber Mill
01:52 Arcane Vault
01:55 Arcane Vault
02:29 Farm
03:09 Keep
03:27 Scout Tower
03:30 Scout Tower
04:01 Blacksmith
04:10 Guard Tower
04:20 Farm
04:21 Farm
04:23 Farm
04:53 Arcane Tower
05:34 Castle
06:16 Farm
07:11 Farm
07:13 Scout Tower
08:23 Barracks
08:28 Gryphon Aviary
09:00 Arcane Sanctum
09:45 Scout Tower
10:09 Scout Tower
10:38 Farm
12:55 Guard Tower
15:02 Town Hall
18:49 Scout Tower
18:53 Scout Tower
18:54 Scout Tower
18:55 Scout Tower
18:58 Scout Tower
19:52 Farm
21:24 Arcane Tower
21:46 Arcane Tower
21:48 Arcane Tower
26:11 Arcane Tower
26:43 Town Hall
26:46 Scout Tower
26:51 Scout Tower
26:54 Scout Tower
» items
| Scroll of Regeneration | 2 | |
| Lesser Clarity Potion | 4 | |
| Scroll of Town Portal | 2 | |
8 total
team 5 (loser)
Who_I_Am_Today (
light-blue | 147 APM | 5379 actions | 36:29)
4 Death Knight
2 Death Coil
2 Unholy Aura
5 Lich
3 Frost Nova
2 Dark Ritual
4 Crypt Lord
2 Impale
2 Spiked Carapace
» actions
| Assign group hotkey | 49 | |
| Basic commands | 233 | |
| Build / train | 93 | |
| ESC pressed | 4 | |
| Enter build submenu | 24 | |
| Enter hero's abilities submenu | 13 | |
| Give item / drop item | 7 | |
| Right click | 2383 | |
| Select / deselect | 867 | |
| Select group hotkey | 1499 | |
| Use ability | 207 | |
5379 total
» units
| Acolyte | 9 | |
| Ghoul | 3 | |
| Crypt Fiend | 15 | |
| Obsidian Statue | 5 | |
| Frost Wyrm | 3 | |
| Abomination | 1 | |
36 total
» upgrades
| Burrow | 1 | |
| Creature Attack | 3 | |
| Destroyer Form | 1 | |
| Web | 1 | |
| Disease Cloud | 1 | |
| Freezing Breath | 1 | |
8 total
» buildings
| Crypt | 1 | |
| Altar of Darkness | 2 | |
| Ziggurat | 7 | |
| Tomb of Relics | 1 | |
| Graveyard | 1 | |
| Halls of the Dead | 2 | |
| Black Citadel | 1 | |
| Slaughterhouse | 1 | |
| Nerubian Tower | 1 | |
| Sacrificial Pit | 1 | |
| Boneyard | 1 | |
| Spirit Tower | 5 | |
| Temple of the Damned | 1 | |
25 total
» build order
00:06 Crypt
00:11 Altar of Darkness
00:14 Altar of Darkness
00:25 Ziggurat
00:51 Tomb of Relics
01:39 Graveyard
02:39 Halls of the Dead
02:39 Halls of the Dead
03:09 Ziggurat
04:22 Ziggurat
05:18 Black Citadel
05:50 Slaughterhouse
06:43 Nerubian Tower
07:37 Ziggurat
11:09 Sacrificial Pit
11:40 Ziggurat
13:53 Boneyard
15:05 Spirit Tower
15:06 Spirit Tower
15:27 Spirit Tower
15:34 Ziggurat
17:40 Spirit Tower
19:11 Ziggurat
20:08 Spirit Tower
25:02 Temple of the Damned
» items
| Rod of Necromancy | 5 | |
| Potion of Healing | 7 | |
| Orb of Corruption | 1 | |
| Scroll of Town Portal | 2 | |
| Potion of Lesser Invulnerability | 1 | |
| Potion of Invisibility | 1 | |
17 total
team 6 (loser)
I)l(I (
yellow | 98 APM | 3046 actions | 31:13)
5 Death Knight
3 Death Coil
1 Death Pact
1 Unholy Aura
3 Dreadlord
2 Sleep
1 Vampiric Aura
2 Crypt Lord
1 Impale
1 Spiked Carapace
» actions
| Assign group hotkey | 66 | |
| Basic commands | 7 | |
| Build / train | 70 | |
| Enter build submenu | 19 | |
| Enter hero's abilities submenu | 10 | |
| Give item / drop item | 5 | |
| Right click | 1126 | |
| Select / deselect | 263 | |
| Select group hotkey | 1386 | |
| Use ability | 93 | |
3046 total
» units
| Acolyte | 5 | |
| Ghoul | 7 | |
| Crypt Fiend | 5 | |
| Obsidian Statue | 3 | |
| Frost Wyrm | 9 | |
29 total
» upgrades
| Burrow | 1 | |
| Web | 1 | |
| Creature Attack | 3 | |
| Creature Carapace | 2 | |
| Destroyer Form | 1 | |
| Freezing Breath | 1 | |
9 total
» buildings
| Crypt | 1 | |
| Graveyard | 1 | |
| Altar of Darkness | 1 | |
| Ziggurat | 9 | |
| Tomb of Relics | 1 | |
| Halls of the Dead | 1 | |
| Spirit Tower | 6 | |
| Black Citadel | 1 | |
| Sacrificial Pit | 1 | |
| Slaughterhouse | 1 | |
| Boneyard | 2 | |
25 total
» build order
00:05 Crypt
00:10 Graveyard
00:42 Altar of Darkness
00:59 Ziggurat
01:26 Tomb of Relics
02:02 Ziggurat
03:54 Ziggurat
04:43 Halls of the Dead
05:32 Spirit Tower
05:52 Spirit Tower
07:46 Black Citadel
08:13 Sacrificial Pit
08:18 Slaughterhouse
08:22 Ziggurat
08:24 Ziggurat
08:41 Ziggurat
08:44 Ziggurat
11:38 Boneyard
12:27 Boneyard
12:30 Spirit Tower
12:47 Spirit Tower
13:14 Spirit Tower
14:50 Spirit Tower
27:35 Ziggurat
27:41 Ziggurat
» items
| Rod of Necromancy | 3 | |
| Potion of Healing | 1 | |
| Potion of Lesser Invulnerability | 1 | |
| Scroll of Healing | 2 | |
| Orb of Corruption | 1 | |
| Scroll of Town Portal | 3 | |
11 total
team 7 (loser)
maronnn (
orange | 37 APM | 1126 actions | 30:07)
3 Death Knight
2 Death Coil
1 Unholy Aura
2 Dreadlord
1 Vampiric Aura
1 Carrion Swarm
» actions
| Assign group hotkey | 25 | |
| Basic commands | 162 | |
| Build / train | 81 | |
| Enter build submenu | 18 | |
| Enter hero's abilities submenu | 5 | |
| Remove unit from queue | 3 | |
| Right click | 430 | |
| Select / deselect | 237 | |
| Select group hotkey | 118 | |
| Use ability | 47 | |
1126 total
» units
| Acolyte | 10 | |
| Ghoul | 6 | |
| Crypt Fiend | 15 | |
| Gargoyle | 2 | |
| Banshee | 1 | |
| Meatwagon | 3 | |
| Abomination | 6 | |
| Frost Wyrm | 3 | |
| Obsidian Statue | 2 | |
| Necromancer | 1 | |
49 total
» upgrades
| Creature Carapace | 1 | |
| Burrow | 1 | |
| Web | 1 | |
| Creature Attack | 1 | |
| Unholy Strength | 1 | |
| Unholy Armor | 1 | |
| Disease Cloud | 1 | |
| Exhume Corpses | 1 | |
| Skeletal Mastery | 1 | |
| Freezing Breath | 1 | |
| Destroyer Form | 0 | |
| Skeletal Longevity | 1 | |
11 total
» buildings
| Ziggurat | 11 | |
| Altar of Darkness | 1 | |
| Crypt | 1 | |
| Graveyard | 1 | |
| Halls of the Dead | 1 | |
| Spirit Tower | 3 | |
| Slaughterhouse | 1 | |
| Temple of the Damned | 1 | |
| Sacrificial Pit | 1 | |
| Black Citadel | 1 | |
| Boneyard | 1 | |
| Tomb of Relics | 1 | |
| Nerubian Tower | 3 | |
| Necropolis | 1 | |
28 total
» build order
00:14 Ziggurat
00:18 Altar of Darkness
00:22 Crypt
01:02 Graveyard
04:03 Ziggurat
04:04 Ziggurat
06:47 Halls of the Dead
06:58 Spirit Tower
09:09 Ziggurat
09:13 Ziggurat
09:24 Slaughterhouse
09:30 Temple of the Damned
09:39 Sacrificial Pit
11:02 Spirit Tower
11:24 Black Citadel
18:31 Boneyard
18:38 Tomb of Relics
19:06 Ziggurat
19:08 Ziggurat
19:10 Ziggurat
19:19 Ziggurat
20:32 Nerubian Tower
20:34 Nerubian Tower
20:38 Nerubian Tower
20:40 Spirit Tower
24:53 Ziggurat
24:55 Ziggurat
25:00 Necropolis
» items
| Boots of Speed | 1 | |
| Periapt of Vitality | 1 | |
| Staff of Teleportation | 1 | |
3 total
team 8 (loser)
meniPWS (
green | 49 APM | 1190 actions | 24:28)
2 Keeper of the Grove
1 Force of Nature
1 Entangling Roots
3 Pit Lord
2 Rain of Fire
1 Howl of Terror
1 Goblin Tinker
1 Pocket Factory
» actions
| Basic commands | 28 | |
| Build / train | 72 | |
| Enter build submenu | 22 | |
| Enter hero's abilities submenu | 7 | |
| Remove unit from queue | 2 | |
| Right click | 592 | |
| Select / deselect | 408 | |
| Use ability | 59 | |
1190 total
» units
| Wisp | 14 | |
| Archer | 10 | |
| Huntress | 12 | |
| Druid of the Claw | 6 | |
| Dryad | 2 | |
44 total
» upgrades
| Strength of the Moon | 3 | |
| Strength of the Wild | 2 | |
| Moon Armor | 2 | |
| Reinforced Hides | 2 | |
| Druid of the Claw Training | 2 | |
| Improved Bows | 1 | |
| Ultravision | 1 | |
| Marksmanship | 1 | |
| Upgrade Moon Glaive | 1 | |
15 total
» buildings
| Moon Well | 10 | |
| Altar of Elders | 1 | |
| Ancient of War | 1 | |
| Hunter's Hall | 1 | |
| Tree of Ages | 1 | |
| Ancient Protector | 4 | |
| Ancient of Lore | 1 | |
| Tree of Eternity | 1 | |
20 total
» build order
00:06 Moon Well
00:16 Altar of Elders
00:18 Moon Well
01:41 Moon Well
02:29 Ancient of War
02:58 Hunter's Hall
05:16 Moon Well
06:05 Moon Well
06:06 Moon Well
07:17 Tree of Ages
07:23 Ancient Protector
10:48 Ancient of Lore
10:53 Ancient Protector
11:16 Moon Well
13:29 Moon Well
14:47 Moon Well
16:25 Ancient Protector
16:30 Moon Well
16:39 Ancient Protector
18:46 Tree of Eternity
» items
observerscheers_,
ACTUS_PuruS,
Dipsy.,
ollie Chat log
(03:44 / All) Who_I_Am_Today: kill hh
(08:00 / All) omgomg: u all lag?
(08:04 / All) omgomg: noob host
(08:04 / All) maronnn: Y
(08:05 / All) Who_I_Am_Today: me too
(08:08 / All) meniPWS: y
(12:31 / All) maronnn: FUCK
(16:08 / All) Who_I_Am_Today: aahahah
(16:52 / All) Who_I_Am_Today: hu
(16:55 / All) Who_I_Am_Today: go on ud?
(19:43 / All) Who_I_Am_Today: nde tt
(21:14 / All) Who_I_Am_Today: ?
(21:18 / All) maronnn: NOO
(21:19 / All) omgomg: host noob
(22:59 / All) gicen-: mh?
(23:01 / All) Who_I_Am_Today: ^^
(23:20 / All) Who_I_Am_Today: lucky
(27:48 / All) Who_I_Am_Today: is it me only?
(27:52 / All) maronnn: WTF
(31:07 / All) Who_I_Am_Today: fucked
(31:09 / All) Who_I_Am_Today: ^^
(32:01 / All) Who_I_Am_Today: hu is imba
(35:22 / All) Who_I_Am_Today: fucking nelf
(36:28 / All) Who_I_Am_Today: hu is imba
(58:08 / All) gicen-: how much gold?
(66:03 / All) gicen-: lool?
(66:06 / All) omgomg: whot
(67:19 / All) omgomg: gg m8